 Dungeon Crawl Stone Soup version 0.26.0-10-g1f06aea511 (console) character file.

Game seed: 17864997027236150936

47 jejorda2 the Cudgeller (level 3, -9/23 HPs)
             Began as a Tengu Berserker on Jan 14, 2021.
             Was a Believer of Trog.
             Mangled by a gnoll
             ... wielding a +2 vorpal spear
              (12 damage)
             ... on level 2 of the Dungeon.
             The game lasted 00:02:36 (1522 turns).

jejorda2 the Cudgeller (Tengu Berserker)            Turns: 1522, Time: 00:02:38

Health: -9/23      AC:  2    Str: 18    XL:     3   Next: 70%
Magic:  4/4        EV: 12    Int:  7    God:    Trog [**....]
Gold:   74         SH:  0    Dex: 13    Spells: 2/2 levels left

rFire    . . .     SeeInvis .   a - +0 mace
rCold    . . .     Faith    .   (no shield)
rNeg     . . .     Spirit   .   b - +0 animal skin
rPois    .         Reflect  .   (helmet restricted)
rElec    .         Harm     .   (no cloak)
rCorr    .         Rampage  .   (no gloves)
Will     .....                  (boots unavailable)
Stlth    +.........             (no amulet)
HPRegen  0.07/turn              (no ring)
MPRegen  0.09/turn              (no ring)

@: no status effects
A: beak, talons 3
a: Renounce Religion, Berserk, Trog's Hand


You were on level 2 of the Dungeon.
You worshipped Trog.
Trog was pleased with you.
You visited 1 branch of the dungeon, and saw 2 of its levels.

You collected 74 gold pieces.

Inventory:

Hand Weapons
 a - a +0 mace (weapon)
 i - a +0 whip
Missiles
 j - 36 stones (quivered)
Armour
 b - a +0 animal skin (worn)
Scrolls
 c - a scroll of teleportation {unknown}
 e - a scroll of random uselessness {unknown}
 f - a scroll of magic mapping {unknown}
 l - 2 scrolls of identify {unknown}
 m - a scroll of remove curse {unknown}
Potions
 d - a potion of lignification {unknown}
 g - a potion of heal wounds {unknown}
 h - a potion of flight {unknown}
 k - a potion of attraction {unknown}


   Skills:
 + Level 3.4 Fighting
 * Level 4.2 Maces & Flails
 + Level 2.8 Armour
 - Level 2.1 Dodging


You had 2 spell levels left.
You didn't know any spells.
Your spell library was empty.

Dungeon Overview and Level Annotations

Branches:
Dungeon (2/15)

Altars:
Xom


Innate Abilities, Weirdness & Mutations

You have a beak for a mouth.
You have claws for feet.


Message History

The hobgoblin is moderately wounded.
The hobgoblin hits you with a +0 club.
You barely miss the hobgoblin. Your kick misses the hobgoblin.
You peck the hobgoblin.
The hobgoblin is severely wounded.
A rat comes into view.
The hobgoblin barely misses you.
You barely miss the hobgoblin. Your kick misses the hobgoblin.
Your peck misses the hobgoblin.
The hobgoblin is severely wounded.
The gnoll hits you from afar with a +2 vorpal spear.
The hobgoblin hits you with a +0 club.
You closely miss the hobgoblin.
The hobgoblin is severely wounded.
The gnoll hits you from afar with a +2 vorpal spear!
* * * LOW HITPOINT WARNING * * *
x2 The hobgoblin hits you but does no damage.
The gnoll hits you from afar with a +2 vorpal spear!
Ouch! That really hurt!
You die...

... #...###
..########.#...# ####
#.#......#...#.# #≈≈≈
#.#.# #.##†#...
#≈⌠.≈#...####.##.##.#
≈_>≈#......)....##..
≈≈≈≈'...#.###.######
#..######....##
##.#####
#....gg@...#[#
#......
#...gg####.#.#
##...... ....g
..##.###.#..... ....
..........<..... ...
...#######....... #.
###. #....... # #.
#....... #. #...####
#...##..


You could see 4 gnolls and a hobgoblin.

Vanquished Creatures
  2 adders (D:2)
  A dart slug (D:1)
  A leopard gecko (D:2)
  A giant cockroach (D:1)
  A goblin (D:1)
  2 hobgoblins
  4 jackals (D:1)
  A ball python (D:1)
  3 bats
  2 frilled lizards
  6 kobolds
  5 rats
29 creatures vanquished.

Notes
Turn   | Place    | Note
-------+----------+-------------------------------------------
     0 | D:1      | jejorda2 the Tengu Berserker began the quest for the Orb.
     0 | D:1      | Reached XP level 1. HP: 14/14 MP: 2/2
   181 | D:1      | Reached XP level 2. HP: 14/19 MP: 3/3
   511 | D:1      | Reached ** piety under Trog
  1085 | D:2      | Reached skill level 4 in Maces & Flails
  1085 | D:2      | Reached XP level 3. HP: 19/23 MP: 4/4
  1513 | D:2      | Found a shimmering altar of Xom.
  1522 | D:2      | Mangled by a gnoll

Illustrated notes

Levels and vault maps discovered:
D:1:      dpeg_arrival_arbitrary_b, layout_rooms
D:2:      layout_loops_cross, general_overflow_altar,
          chequers_ecumenical_altar_island, grunt_ministairs_9,
          nicolae_gozag_zags_fifth_avenue

Skill      XL: |  1  2 |
---------------+-------+-----
Maces & Flails | 4 |  4.2
Fighting       | |  3.4
Armour         | |  2.8
Dodging        | |  2.1

Action                   || total
-------------------------++-------
Melee: Mace              ||    79
       Kick              ||     8
       Peck              ||    10
Throw: Stone             ||     2
 Stab: Sleeping          ||     1
Armor: Animal skin       ||     8
Dodge: Dodged            ||    70
